 Dungeon Crawl Stone Soup version 0.29.1-2-gbd0b4ee654 (webtiles) character file.

Game seed: 2085990236827063734

303771 MacCMillion the Spry (level 20, -2/128 HPs)
             Began as a Felid Summoner on Oct 14, 2022.
             Was an Initiate of Gozag.
             Killed from afar by an acid blob (13 damage)
             ... with a splash of acid
             ... on level 4 of the Pits of Slime on Nov 7, 2022.
             The game lasted 07:44:41 (62377 turns).

MacCMillion the Spry (Felid Summoner)              Turns: 62377, Time: 07:44:42

Health: -2/128     AC: 19    Str:  4    XL:     20   Next: 24%
Magic:  28/36      EV: 35    Int: 29    God:    Gozag
Gold:   7936       SH:  0    Dex: 19    Spells: 3/49 levels left
                                        Lives:  0   Deaths: 2

rFire   . . .      SeeInvis +   (weapon unavailable)
rCold   + . .      Faith    .   (shield unavailable)
rNeg    + . .      Spirit   .   (body armour unavailable)
rPois   ∞          Reflect  .   (helmet unavailable)
rElec   +          Harm     .   (cloak unavailable)
rCorr   .          Rampage  .   (gloves unavailable)
Will    +++..                   (boots unavailable)
Stlth   +++++++...              z - amulet of Vitality {RegenMP++ Regen++}
HPRegen 1.91/turn               Y - +6 ring of intelligence
MPRegen 1.05/turn               E - ring of protection from cold

@: statue-form, corroded, very slow
A: slow and powerful, torment resistance 1, boosted hp, very small, claws 1,
fangs 3, see invisible, (speed 1), (shaggy fur 3), stealthy paws, no weapons or
thrown items, no armour, multi-lived, low MP 1, subdued magic 1
}: 2/15 runes: barnacled, gossamer
a: End Transformation, Renounce Religion, Potion Petition, Call Merchant, Bribe
Branch


You were on level 4 of the Pits of Slime.
You worshipped Gozag.
Gozag was greatly pleased with you.
You were a living statue of rough stone.
You visited 10 branches of the dungeon, and saw 45 of its levels.
You also visited: Bailey.

You collected 17903 gold pieces.
You spent 4822 gold pieces at shops.
You paid 5145 gold pieces to Gozag.

Inventory:

Missiles
 C - 25 poisoned darts
 G - 7 curare-tipped darts
Jewellery
 h - a ring of positive energy
 j - a ring of wizardry
 r - a ring of protection from fire
 x - the ring "Buyshali" {Fly rElec rN+ Int+2 Dex+4}
   (You acquired it on level 7 of the Dungeon)

   [ring of flight]

   Int:       It affects your intelligence (+2).
   Dex:       It affects your dexterity (+4).
   rElec:     It insulates you from electricity.
   rN:        It protects you from negative energy.
   Fly:       It grants you flight.
 z - the amulet of Vitality (around neck) {RegenMP++ Regen++}
   (You found it on level 8 of the Dungeon)

   [amulet of magic regeneration]

   It increases your rate of magic regeneration.
   Regen:     It increases your rate of health regeneration.
 A - a ring of flight
 E - a ring of protection from cold (right paw)
 L - a ring of ice
 O - a ring of wizardry
 Q - a +4 ring of slaying
 S - the ring "Tiotimum" {Fire Drain rElec rN++ Dex+3}
   (You took it off a deep elf elementalist on level 3 of the Elven Halls)

   [ring of fire]

   It enhances your fire magic.
   Dex:       It affects your dexterity (+3).
   rF:        It protects you from fire.
   rC:        It makes you vulnerable to cold.
   rElec:     It insulates you from electricity.
   rN:        It greatly protects you from negative energy.
   Drain:     It drains your maximum health when unequipped.
 T - a ring of fire
 V - a +6 ring of intelligence
 W - a +4 ring of evasion
 X - the ring "Calal" {Ice rPois Will+ Str-5}
   (You found it on level 4 of the Shoals)

   [ring of ice]

   It enhances your ice magic.
   Str:       It affects your strength (-5).
   rF:        It makes you vulnerable to fire.
   rC:        It protects you from cold.
   rPois:     It protects you from poison.
   Will:      It increases your willpower.
 Y - a +6 ring of intelligence (left paw)
Wands
 o - a wand of paralysis (36)
 B - a wand of polymorph (17)
 H - a wand of quicksilver (14)
 J - a wand of mindburst (4)
 P - a wand of flame (13)
 U - a wand of iceblast (8)
Scrolls
 c - 4 scrolls of summoning
 e - 2 scrolls of silence
 m - 7 scrolls of teleportation
 n - 3 scrolls of torment
 q - 6 scrolls of poison
 w - a scroll of amnesia
 y - 7 scrolls of butterflies
 D - 6 scrolls of blinking
 F - 6 scrolls of immolation
 I - 5 scrolls of magic mapping
 K - 2 scrolls of fear
 R - 5 scrolls of vulnerability
Potions
 a - 5 potions of magic
 b - 6 potions of attraction
 d - a potion of berserk rage
 g - 6 potions of flight
 i - 10 potions of heal wounds
 k - 16 potions of curing
 l - 8 potions of haste
 p - 14 potions of might
 s - 5 potions of brilliance
 t - 6 potions of ambrosia
 u - 3 potions of invisibility
 v - 7 potions of mutation
 M - 3 potions of resistance
 N - 4 potions of lignification
Miscellaneous
 Z - a box of beasts


   Skills:
 - Level 16.3 Fighting
 - Level 20.6 Dodging
 - Level 16.4 Stealth
 - Level 15.0 Spellcasting
 - Level 5.0 Hexes
 + Level 18.5 Summonings
 - Level 12.0 Necromancy
 - Level 14.0 Translocations
 - Level 13.2 Transmutations
 - Level 7.0 Air Magic
 + Level 8.4 Earth Magic


You had 3 spell levels left.
You knew the following spells:

 Your Spells              Type           Power      Damage    Failure   Level
a - Death Channel         Necr           31%        N/A       1%          6
b - Summon Mana Viper     Hex/Summ       62%        N/A       1%          5
c - Haunt                 Necr/Summ      35%        N/A       2%          7
d - Passage of Golubria   Tloc           68%        N/A       1%          4
e - Summon Cactus Giant   Summ           39%        N/A       1%          6
f - Statue Form           Tmut/Erth      40%        N/A       3%          6
g - Summon Forest         Summ/Tloc      36%        N/A       1%          5
h - Malign Gateway        Summ/Tloc      36%        N/A       1%          7

Your spell library contained the following spells:

 Spells                   Type           Power      Damage    Failure   Level
 Apportation              Tloc           100%       N/A       0%          1
 Necrotise                Necr           100%       1d9       0%          1
 Summon Small Mammal      Summ           100%       N/A       0%          1
 Call Imp                 Summ           79%        N/A       0%          2
 Sublimation of Blood     Necr           63%        N/A       0%          2
 Call Canine Familiar     Summ           79%        N/A       0%          3
 Lesser Beckoning         Tloc           68%        N/A       0%          3
 Foxfire                  Conj/Fire      64%        2x1d7     1%          1
 Freeze                   Ice            64%        1d8       1%          1
 Magic Dart               Conj           64%        1d6       1%          1
 Sandblast                Erth           100%       2d20      1%          1
 Sting                    Tmut/Pois      100%       1d8       1%          1
 Passwall                 Tmut/Erth      50%        N/A       1%          2
 Poisonous Vapours        Pois/Air       64%        N/A       1%          2
 Confusing Touch          Hex            39%        N/A       1%          3
 Dazzling Flash           Conj/Hex       54%        N/A       1%          3
 Ignite Poison            Fire/Tmut/Pois 36%        N/A       1%          3
 Inner Flame              Hex/Fire       27%        N/A       1%          3
 Mephitic Cloud           Conj/Pois/Air  27%        N/A       1%          3
 Stone Arrow              Conj/Erth      70%        3d11      1%          3
 Summon Guardian Golem    Hex/Summ       62%        N/A       1%          3
 Tukima's Dance           Hex            39%        N/A       1%          3
 Vampiric Draining        Necr           63%        2d10      1%          3
 Scorch                   Fire           32%        2d6       2%          2
 Searing Ray              Conj           32%        2d5       2%          2
 Conjure Flame            Conj/Fire      16%        6-21      5%          3
 Frozen Ramparts          Ice            32%        1d5       5%          3
 Ozocubu's Armour         Ice            16%        N/A       5%          3
 Airstrike                Air            23%        2d(4-20)  1%          4
 Cause Fear               Hex            19%        N/A       1%          4
 Dispel Undead            Necr           63%        3d22      1%          4
 Ice Form                 Ice/Tmut       46%        N/A       1%          4
 Iskenderun's Mystic Bla  Conj/Tloc      47%        2d10      1%          4
 Summon Ice Beast         Ice/Summ       55%        N/A       1%          4
 Summon Lightning Spire   Summ/Air       65%        N/A       1%          4
 Agony                    Necr           63%        N/A       1%          5
 Blade Hands              Tmut           33%        N/A       1%          5
 Borgnjor's Vile Clutch   Necr/Erth      29%        N/A       1%          5
 Lee's Rapid Deconstruct  Erth           26%        3d15*     1%          5
 Yara's Violent Unravell  Hex/Tmut       27%        3d12      1%          5
 Monstrous Menagerie      Summ           39%        N/A       1%          7
 Alistair's Intoxication  Tmut/Pois      30%        N/A       3%          5
 Irradiate                Conj/Tmut      23%        3d19      3%          5
 Fulminant Prism          Conj/Hex       13%        3d9       6%          4
 Dragon Form              Tmut           33%        N/A       7%          7
 Lightning Bolt           Conj/Air       16%        1d30      12%         5
 Flame Wave               Conj/Fire      16%        2d7       19%         4
 Hailstorm                Conj/Ice       16%        3d6       19%         4
 Olgreb's Toxic Radiance  Pois           16%        N/A       19%         4
 Metabolic Englaciation   Hex/Ice        13%        N/A       19%         5
 Spellforged Servitor     Conj/Summ      27%        N/A       34%         7
 Necromutation            Tmut/Necr      32%        N/A       58%         8
 Borgnjor's Revivificati  Necr           31%        N/A       67%         8
 Infestation              Necr           31%        N/A       67%         8
 Dragon's Call            Summ           39%        N/A       71%         9
 Enfeeble                 Hex            19%        N/A       92%         7
 Starburst                Conj/Fire      8%         6d4       97%         6
 Ozocubu's Refrigeration  Ice            8%         4d9       100%        7
 Death's Door             Necr           31%        N/A       100%        9
 Portal Projectile        Hex/Tloc       Unusable   N/A       N/A         3
 Animate Dead             Necr           Unusable   N/A       N/A         4
 Corpse Rot               Necr/Pois/Air  Unusable   N/A       N/A         4
 Simulacrum               Ice/Necr       Unusable   N/A       N/A         6

Dungeon Overview and Level Annotations

Branches:
Dungeon (15/15)            Temple (1/1) D:6            Lair (5/5) D:10
 Shoals (4/4) Lair:3       Spider (4/4) Lair:2        Slime (5/5) Lair:4
    Orc (2/2) D:9             Elf (3/3) Orc:2        Vaults (4/5) D:14
  Crypt (2/3) Vaults:2     Depths (0/4) D:15         Bailey (visited)

Altars:
Ashenzari
Cheibriados
Dithmenos
Elyvilon
Fedhas
Gozag
Hepliaklqana
Kikubaaqudgha
Makhleb
Nemelex Xobeh
Okawaru
Qazlal
Ru
Sif Muna
Trog
Uskayaw
Vehumet
Wu Jian
Xom
Yredelemnul
Zin
The Shining One
Jiyva

Shops:
D:4 (   D:6 *   D:8 [   D:9 :[   D:10 :   D:13 :   D:14 *   Orc:1 (
Orc:2 ???([   Elf:3 =   Lair:4 ??   Shoals:1 *   Shoals:3 =   Vaults:1 *
Vaults:4 *??(

Portals:
Trove: Vaults:2 (give 17 potions of curing)

Annotations:
D:2 Natasha, Terence
D:4 exclusion: scorpion
D:7 exclusion: centaur
D:8 exclusion: steam dragon
D:13 3 runed translucent doors, Oscharhi's ghost, journeyman GrEE
Lair:2 3 runed translucent doors, exclusion: 2 lindwurms, GeoRichter's ghost, journeyman SpHu
Lair:3 1 runed translucent door, Faimiypi's ghost, journeyman BaFi
Spider:1 Roxanne
Elf:2 3 runed translucent doors
Vaults:3 exclusion: obsidian statue


Innate Abilities, Weirdness & Mutations

You are a living statue of rough stone.
Your actions are slow, but your melee attacks are powerful.
You are resistant to unholy torment.
Your maximum health is greatly increased.
You are immune to poison.
You have sharp claws.
You have razor-sharp teeth.
You have supernaturally acute eyesight. (SInv)
((You cover ground quickly. (Speed+)))
((Your thick and shaggy fur keeps you warm. (AC +3, rC+)))
Your paws help you pounce on unaware monsters.
You are incapable of wielding weapons or throwing items.
You cannot wear armour.
You gain extra lives every three experience levels.
Your magical capacity is low. (-10% MP)
Your spells are a little easier to cast, but a little less powerful.


Message History

The acid blob spits acid at you. The splash of acid hits you!!
The quicksilver ooze completely misses you. x2
You climb upwards.
There is a stone staircase leading down here.
Casting: Statue Form (dangerous; 3% risk of failure)
Confirm with . or Enter, or press ? or * to list all spells.
The dungeon shakes, a horrible noise fills the air, and a portal to some otherworldly place is opened!
The quicksilver ooze barely misses you. x2
The acid blob spits acid at you. The splash of acid hits you!!
The acid corrodes you! The quicksilver ooze hits you.
The quicksilver ooze engulfs you!
The quicksilver ooze hits you but does no damage.
The acid blob hits you! The acid corrodes you!
You are splashed with acid!
Unknown command.
Casting: Malign Gateway (dangerous; 1% risk of failure)
Confirm with . or Enter, or press ? or * to list all spells.
The quicksilver ooze closely misses you.
The quicksilver ooze completely misses you.
The acid blob spits acid at you. The splash of acid hits you!
The acid corrodes you!
The quicksilver ooze completely misses you. x2
The acid blob spits acid at you. The splash of acid hits you!!
* * * LOW HITPOINT WARNING * * *
The quicksilver ooze jiggles.
The quicksilver ooze completely misses you. x2
You swap places.
You slip free of the ooze engulfing you.
The ooze engulfing you falls away. The acid blob spits acid at you.
The splash of acid hits you!
* * * LOW HITPOINT WARNING * * *
Your cactus giant hits the quicksilver ooze with a +0 giant spiked club!!
The quicksilver ooze completely misses you.
The quicksilver ooze closely misses you.
The acid blob spits acid at you. The splash of acid hits you!
You die...
Your body crumbles into a pile of gold.

################## #### #
##.#$.##.##..#.w#.###..##
..##...............\.......#
...$$...........J...\.^...###
..##...........C^....*......##
#............J8............#
##..<......................##
##...........................#
#.#.......$#.#...............#
.......#........#...........##
#......#....................##
................#..#.......#.##
....#..........##...##........#
.....##............####......##


You could see an acid blob (ally target), a quicksilver ooze (ally target), a
friendly eldritch tentacle and a friendly cactus giant (summoned).

Vanquished Creatures
  Mlioglotl (Shoals:2)
  A deep elf master archer (Elf:3)
  A ghost moth (Spider:4)
  A boulder beetle (D:15)
  A satyr (Shoals:3)
  4 centaur warriors
  2 wizards (Vaults:3)
  An orc sorcerer (Orc:2)
  An ugly thing (Vaults:3)
  A wolf spider (Spider:1)
  A yaktaur (Vaults:1)
  A wind drake (Shoals:4)
  A merfolk (Shoals:2)
  A blink frog (Vaults:3)
  An orc warrior (Orc:1)
  A wolf (Lair:4)
  An electric eel (Spider:1)
  An orc wizard (Orc:2)
  2 bats (D:1)
  A kobold (D:9)
25 creatures vanquished.

Vanquished Creatures (collateral kills)
  Mara (Vaults:4)
  Boris (Vaults:3)
  Vv (Crypt:1)
  Saint Roka (Vaults:2)
  Bai Suzhen (Shoals:3)
  A bone dragon (Vaults:3)
  Zenata (Elf:1)
  A deep elf master archer (Elf:3)
  Asterion (Spider:2)
  An ancient champion (Crypt:1)
  9 acid blobs
  2 deep elf blademasters (Elf:3)
  4 krakens
  3 eldritch tentacles
  Gastronok (D:9)
  3 sphinxes
  A tengu reaver (Vaults:3)
  Kirke (Spider:3)
  Frances (Spider:1)
  A revenant (Crypt:1)
  Ilsuiw (Shoals:2)
  6 rockslimes
  A shadow dragon (Vaults:4)
  Donald (Shoals:3)
  2 fire giants
  9 azure jellies
  2 ghost moths
  5 emperor scorpions
  3 orc warlords (Vaults:1)
  Aizul (Elf:1)
  3 deep elf sorcerers (Elf:3)
  2 deep elf elementalists
  9 vault wardens
  2 curse skulls (Crypt:1)
  6 very ugly things (Vaults:4)
  Louise (Shoals:1)
  3 ghouls (Crypt:1)
  A quicksilver ooze (Slime:3)
  5 broodmothers
  2 war gargoyles
  12 ironbound preservers
  A stone giant (D:15)
  A vampire knight (Crypt:1)
  7 ironbound thunderhulks
  7 deep elf demonologists
  7 entropy weavers
  Azrael (D:12)
  4 deep elf annihilators (Elf:3)
  21 dire elephants
  3 spark wasps
  An eidolon (Crypt:2)
  2 crystal guardians (Vaults:4)
  6 deep elf death magi
  5 merfolk javelineers
  8 merfolk impalers
  9 yaktaur captains
  An ettin (Vaults:4)
  2 jiangshi (Crypt:1)
  Josephine (Orc:1)
  4 deep elf high priests
  5 great orbs of eyes
  A fire dragon (D:15)
  Erolcha (D:12)
  8 boulder beetles
  2 peacekeepers (Vaults:4)
  6 hydras
  A death knight (Crypt:2)
  3 ogre magi
  13 vault guards
  10 two-headed ogres
  2 radroaches
  6 ironbound frosthearts
  A spriggan skeleton (Crypt:2)
  4 satyrs
  3 merfolk avatars
  Erica (D:9)
  2 jorogumos (Spider:2)
  2 alligator snapping turtles (Shoals:4)
  14 centaur warriors
  3 ghost crabs (Vaults:3)
  15 dancing weapons
  3 catoblepae (Lair:5)
  3 merfolk aquamancers
  A tengu warrior (D:15)
  9 death yaks
  2 orc high priests (Orc:2)
  3 vampire magi (Crypt:1)
  7 deep elf knights
  A titan skeleton (Vaults:3)
  Urug (Lair:3)
  A pharaoh ant (Spider:4)
  A sun moth (Spider:1)
  6 steelbarb worms
  13 skeletal warriors
  6 sea snakes
  39 deep trolls
  2 glowing orange brains
  Lodul (D:12)
  8 orb spiders
  10 lindwurms
  A bog body (Crypt:1)
  3 deep elf archers
  A spriggan simulacrum (Vaults:3)
  A phantasmal warrior (Vaults:3)
  7 wizards
  A golden dragon skeleton (Vaults:3)
  2 necromancers
  15 orc knights
  11 wolf spiders
  12 ironbound convokers
  18 deep elf pyromancers
  24 ugly things
  21 deep elf zephyrmancers
  A broodmother zombie (Crypt:1)
  7 cyclopes
  3 orc sorcerers (Orc:2)
  21 harpies
  20 manticores
  19 fauns
  A tengu skeleton (Vaults:1)
  A frost giant zombie (Vaults:1)
  A shining eye (Slime:3)
  2 worldbinders (Vaults:3)
  9 black mambas
  11 merfolk sirens
  Maurice (D:8)
  2 moths of wrath
  8 vault sentinels
  2 eleionoma skeletons (Crypt:1)
  5 torpor snails
  14 elephants
  3 gargoyles
  An eye of devastation (Slime:4)
  7 water nymphs
  A molten gargoyle (D:13)
  2 unseen horrors
  6 cane toads
  2 freezing wraiths (Crypt:1)
  2 kobold demonologists (D:11)
  20 yaktaurs
  2 rime drakes
  8 komodo dragons
  A minotaur zombie (Crypt:1)
  3 demonic crawlers
  A tengu conjurer (D:14)
  A shadow dragon simulacrum (Vaults:3)
  12 trolls
  A white draconian skeleton (Crypt:1)
  14 wind drakes
  A polar bear (Lair:5)
  31 merfolk
  2 hornets
  A tengu simulacrum (Vaults:3)
  A wind drake (shapeshifter) (D:15)
  A harpy skeleton (Crypt:2)
  A stone giant simulacrum (Vaults:1)
  18 blink frogs
  60 slime creatures
  11 tarantellas
  9 dream sheep
  5 snapping turtles
  25 jumping spiders
  A jumping spider (shapeshifter) (D:14)
  3 air elementals
  Sigmund (D:4)
  10 wraiths
  43 yaks
  17 culicivoras
  16 water elementals
  4 wyverns
  10 fire elementals
  3 basilisks
  2 steam dragons
  A wind drake skeleton (Crypt:1)
  9 golden eyes
  5 hogs (Spider:3)
  3 small abominations (Vaults:3)
  41 redbacks
  6 vampire mosquitoes (D:14)
  2 spatial vortices (Vaults:3)
  A harpy simulacrum (D:15)
  A warg (Orc:1)
  11 water moccasins
  2 acid dragons
  A glowing shapeshifter skeleton (Vaults:1)
  2 hell hounds (D:12)
  A sky beast (D:8)
  An ice beast (D:7)
  2 black bears
  22 orc warriors
  2 boggarts (Vaults:3)
  17 centaurs
  15 ogres
  15 wolves
  A phantom (D:4)
  A rime drake skeleton (Crypt:1)
  A vine stalker zombie (Crypt:1)
  6 bullfrogs
  3 earth elementals
  3 kobold brigands
  A gnoll sergeant (D:8)
  A water moccasin skeleton (Crypt:1)
  7 wights (D:10)
  7 killer bees
  A yak skeleton (Crypt:1)
  7 nameless horrors
  2 howler monkeys
  A lava snake (D:13)
  A centaur zombie (Crypt:1)
  9 orc priests
  2 gnoll boudas
  2 hounds (D:5)
  3 iguanas
  18 orc wizards
  10 hell rats (Lair:4)
  10 gnolls
  5 adders
  A shadow imp (D:7)
  A white imp (D:7)
  2 ufetubi
  3 dart slugs
  82 orcs
  3 ball pythons
  10 endoplasms
  2 giant cockroaches (D:4)
  11 goblins
  8 hobgoblins
  3 jackals (D:1)
  3 quokkas
  2 bats (D:1)
  4 frilled lizards
  21 kobolds
  4 rats
  A fire vortex (D:13)
  13 tentacles
1468 creatures vanquished.

Vanquished Creatures (others)
  25 eldritch tentacles
  A caustic shrike skeleton (Vaults:3)
  Snorg (Lair:4)
  A hydra (Lair:1)
  A two-headed ogre (D:9)
  An orc high priest (Orc:2)
  4 orc knights (Bailey)
  A wizard (Vaults:2)
  A deep troll (D:8)
  Pikel (D:7)
  4 ugly things
  3 elephants
  A merfolk (Shoals:2)
  A tarantella (Spider:1)
  2 blink frogs (Lair:1)
  2 jumping spiders
  A wraith (Orc:1)
  5 yaks
  A redback (Spider:1)
  A naga zombie (Crypt:2)
  An acid dragon (D:6)
  10 orc warriors
  3 black bears
  A wolf (Lair:4)
  A centaur (D:13)
  A lemure (D:7)
  A wight (D:10)
  2 killer bees (D:8)
  A jelly (D:7)
  2 orc wizards (D:8)
  An adder (D:4)
  A shadow imp (D:8)
  11 orcs (Bailey)
  4 demonic plants (D:1)
  21 fungi
  134 plants
  34 snaplasher vines
  24 tentacles
  A withered plant (D:1)
312 creatures vanquished.

Grand Total: 1805 creatures vanquished

Notes
Turn   | Place    | Note
-------+----------+-------------------------------------------
     0 | D:1      | MacCMillion the Felid Summoner began the quest for the Orb.
     0 | D:1      | Reached XP level 1. HP: 7/7 MP: 4/4
   215 | D:1      | Reached skill level 3 in Dodging
   215 | D:1      | Reached XP level 2. HP: 11/11 MP: 1/6
   656 | D:1      | Found a faded altar of an unknown god.
  1090 | D:1      | Reached XP level 3. HP: 14/14 MP: 4/7
  1094 | D:1      | Learned a level 3 spell: Call Canine Familiar
  1224 | D:2      | Noticed Natasha
  1620 | D:2      | Noticed Terence
  2120 | D:3      | Reached XP level 4. HP: 18/18 MP: 7/9
  2124 | D:3      | Learned a level 3 spell: Summon Guardian Golem
  2189 | D:3      | Found a broken altar of Ashenzari.
  2550 | D:3      | Reached skill level 1 in Hexes
  2880 | D:4      | Noticed Sigmund
  3015 | D:4      | Noticed a scorpion
  3201 | D:4      | Reached skill level 1 in Fighting
  3201 | D:4      | Reached XP level 5. HP: 22/22 MP: 7/10
  3296 | D:4      | Found Ymaps's Weapon Shoppe.
  3534 | D:4      | Reached skill level 4 in Dodging
  3534 | D:4      | Reached skill level 5 in Summonings
  3598 | D:4      | Noticed a phantom
  3669 | D:4      | Noticed a black bear
  3769 | D:4      | Upgraded the game from 0.29.1-1-gd02db6906a to
                  | 0.29.1-2-gbd0b4ee654
  3795 | D:4      | Killed a black bear
  3796 | D:4      | Gained mutation: You are covered in thick fur. (AC +2)
                  | [Felid growth]
  3796 | D:4      | Reached XP level 6. HP: 24/26 MP: 9/12
  4659 | D:4      | Killed Sigmund
  4660 | D:4      | Reached XP level 7. HP: 15/30 MP: 8/13
  4846 | D:5      | Entered Level 5 of the Dungeon
  4924 | D:5      | Reached skill level 5 in Dodging
  5539 | D:5      | Learned a level 4 spell: Summon Lightning Spire
  5542 | D:5      | Identified the +3 hand axe of Ameovvid {flame, rCorr Int+2}
  5567 | D:5      | Found a basalt altar of Yredelemnul.
  5706 | D:6      | Found Eminoeno's Gadget Gallery.
  5883 | D:5      | Reached skill level 5 in Hexes
  6037 | D:6      | Reached XP level 8. HP: 34/34 MP: 8/16
  6047 | D:6      | Reached skill level 5 in Spellcasting
  6063 | D:6      | Found a snail-covered altar of Cheibriados.
  6111 | D:6      | Found a shimmering blue altar of Sif Muna.
  6309 | D:6      | Found a staircase to the Ecumenical Temple.
  6319 | Temple   | Entered the Ecumenical Temple
  6503 | Temple   | Became a worshipper of Gozag Ym Sagoz the Greedy
  7053 | D:7      | Found a flagged portal.
  7074 | Bailey   | Entered a bailey
  7419 | Bailey   | Reached skill level 1 in Air Magic
  7612 | Bailey   | Noticed an orc knight
  7613 | Bailey   | Noticed an orc knight
  7614 | Bailey   | Noticed an orc knight
  7632 | Bailey   | Killed an orc knight
  7649 | Bailey   | Killed an orc knight
  7650 | Bailey   | Reached skill level 5 in Air Magic
  7650 | Bailey   | Reached XP level 9. HP: 39/39 MP: 8/18
  7659 | Bailey   | Killed an orc knight
  7799 | Bailey   | Noticed an orc knight
  7838 | Bailey   | Noticed an orc knight
  7883 | Bailey   | Killed an orc knight
  7884 | Bailey   | Reached skill level 5 in Stealth
  8008 | Bailey   | Killed an orc knight
  8009 | Bailey   | Reached skill level 5 in Fighting
  8172 | D:7      | Reached XP level 10. HP: 44/44 MP: 13/20
  8183 | D:7      | Acquired the ring "Buyshali" {Fly rElec rN+ Int+2 Dex+4}
  8350 | D:7      | Noticed Pikel
  8370 | D:7      | Killed Pikel
  9571 | D:8      | Learned a level 6 spell: Summon Cactus Giant
  9665 | D:8      | Noticed a deep troll
  9666 | D:8      | Noticed a deep troll
  9678 | D:8      | Killed a deep troll
  9678 | D:8      | Killed a deep troll
  9751 | D:8      | Noticed Maurice
 10298 | D:8      | Killed Maurice
 10500 | D:8      | Noticed a deep troll
 10513 | D:8      | Killed a deep troll
 10592 | D:8      | Found the amulet of Vitality {RegenMP++ Regen++}
 11580 | D:8      | Found Fulom's Armour Shoppe.
 11700 | D:9      | Noticed a two-headed ogre
 11830 | D:9      | Reached XP level 11. HP: 49/49 MP: 21/23
 11867 | D:9      | Found Ramius's Antique Armour Shop.
 12209 | D:9      | Killed a two-headed ogre
 12216 | D:9      | Noticed Erica
 12494 | D:9      | Killed Erica
 12504 | D:9      | Noticed Gastronok
 12805 | D:9      | Found a staircase to the Orcish Mines.
 12835 | D:9      | Reached skill level 10 in Summonings
 12917 | D:9      | Killed Gastronok
 13213 | D:10     | Entered Level 10 of the Dungeon
 13363 | D:10     | Reached skill level 10 in Stealth
 13488 | D:10     | Found a staircase to the Lair.
 13984 | Lair:1   | Entered Level 1 of the Lair of Beasts
 13984 | Lair:1   | Noticed a six-headed hydra
 13990 | Lair:1   | Killed a six-headed hydra
 14010 | Lair:1   | Gained mutation: Your thick and shaggy fur keeps you warm.
                  | (AC +3, rC+) [Felid growth]
 14010 | Lair:1   | Reached XP level 12. HP: 55/55 MP: 25/25
 15412 | Lair:2   | Identified the +12 longbow of Uncertain Death {freeze, rF+
                  | rC++ Stlth-}
 15444 | Lair:2   | Noticed a four-headed hydra
 15461 | Lair:2   | Killed a four-headed hydra
 15540 | Lair:2   | Found a runed translucent gate.
 15541 | Lair:2   | Found a runed translucent gate.
 15542 | Lair:2   | Found a runed translucent gate.
 15542 | Lair:2   | Noticed a five-headed hydra
 15550 | Lair:2   | Killed a five-headed hydra
 15555 | Lair:2   | Noticed GeoRichter's ghost (journeyman SpHu)
 15947 | Lair:2   | Found a hole to the Spider Nest.
 16544 | Lair:3   | Noticed Urug
 16699 | Lair:3   | Killed Urug
 16876 | Lair:3   | Noticed a death yak
 16878 | Lair:3   | Noticed a death yak
 16882 | Lair:3   | Noticed a death yak
 16893 | Lair:3   | Killed a death yak
 16893 | Lair:3   | Killed a death yak
 16895 | Lair:3   | Killed a death yak
 16896 | Lair:3   | Reached XP level 13. HP: 60/60 MP: 27/27
 16974 | Lair:3   | Found a runed translucent door.
 16975 | Lair:3   | Found a shimmering altar of Xom.
 16975 | Lair:3   | Noticed Faimiypi's ghost (journeyman BaFi)
 17211 | Lair:3   | Found a staircase to the Shoals.
 17391 | Lair:3   | You are sucked into a shaft and drop 2 floors!
 17391 | Lair:5   | Entered Level 5 of the Lair of Beasts
 17834 | Lair:4   | Noticed Snorg
 17845 | Lair:4   | Killed Snorg
 18094 | Lair:4   | Found a viscous altar of Jiyva.
 18095 | Lair:4   | Found a staircase to the Slime Pits.
 18314 | Lair:4   | Reached skill level 10 in Spellcasting
 18353 | Lair:4   | Bought a scroll of poison for 56 gold pieces
 18353 | Lair:4   | Bought a scroll of blinking for 105 gold pieces
 18353 | Lair:4   | Bought a scroll of fear for 56 gold pieces
 18353 | Lair:4   | Bought a scroll of identify for 28 gold pieces
 18356 | Lair:4   | Bought 2 scrolls of identify for 60 gold pieces
 18358 | Lair:4   | Bought a scroll of identify for 30 gold pieces
 18358 | Lair:4   | Bought a scroll of amnesia for 60 gold pieces
 18358 | Lair:4   | Bought a scroll of identify for 30 gold pieces
 18802 | Lair:5   | Reached skill level 10 in Fighting
 19259 | Lair:5   | Reached skill level 15 in Stealth
 19328 | Lair:5   | Reached XP level 14. HP: 67/67 MP: 29/29
 20528 | D:9      | Bought the Codex of Deathly Transformation for 500 gold
                  | pieces
 20535 | D:9      | Learned a level 6 spell: Statue Form
 20565 | Orc:1    | Entered Level 1 of the Orcish Mines
 20583 | Orc:1    | Reached skill level 6 in Dodging
 20668 | Orc:1    | Found Ecur's Weapon Shoppe.
 20707 | Orc:1    | Reached skill level 1 in Transmutations
 20728 | Orc:1    | Noticed Josephine
 20737 | Orc:1    | Killed Josephine
 20851 | Orc:1    | Reached skill level 7 in Dodging
 21119 | Orc:2    | Entered Level 2 of the Orcish Mines
 21245 | Orc:2    | Found Fososmuv's Antique Armour Shoppe.
 21337 | Orc:2    | Found a staircase to the Elven Halls.
 21477 | Orc:2    | Reached skill level 8 in Dodging
 22164 | Orc:2    | Reached skill level 9 in Dodging
 22626 | Orc:2    | Found Elazyuwo's Magic Scroll Shoppe.
 22626 | Orc:2    | Found Dyesuat's Magic Scroll Boutique.
 22628 | Orc:2    | Found Nyxty's Magic Scroll Shoppe.
 22628 | Orc:2    | Found Yhevvuge's Antique Weapon Boutique.
 23333 | D:11     | Reached skill level 10 in Dodging
 23479 | D:11     | Found a white marble altar of Elyvilon.
 23891 | D:12     | Reached skill level 5 in Transmutations
 23897 | D:12     | Noticed Azrael
 23905 | D:12     | Killed Azrael
 24123 | D:12     | Reached skill level 11 in Dodging
 24458 | D:12     | Noticed Lodul
 24481 | D:12     | Killed Lodul
 24482 | D:12     | Reached XP level 15. HP: 72/72 MP: 24/30
 24545 | D:12     | Noticed Erolcha
 24562 | D:12     | Killed Erolcha
 24571 | D:12     | Reached skill level 12 in Dodging
 24956 | D:13     | Reached skill level 1 in Earth Magic
 25201 | D:13     | Found a runed translucent gate.
 25266 | D:13     | Found a runed translucent gate.
 25267 | D:13     | Found a runed translucent gate.
 25423 | D:13     | Found Uppoqaw's Book Boutique.
 25431 | D:13     | Bought a book of the Wilderness for 684 gold pieces
 25437 | D:13     | Learned a level 5 spell: Summon Forest
 25572 | D:13     | You are sucked into a shaft and drop 2 floors!
 25572 | D:15     | Entered Level 15 of the Dungeon
 25673 | D:14     | Reached skill level 1 in Translocations
 26310 | Orc:2    | Bought a scroll of silence for 114 gold pieces
 26310 | Orc:2    | Bought a scroll of magic mapping for 90 gold pieces
 26317 | Orc:2    | Bought a scroll of vulnerability for 68 gold pieces
 26317 | Orc:2    | Bought a scroll of magic mapping for 127 gold pieces
 26980 | D:13     | Noticed Oscharhi's ghost (journeyman GrEE)
 27856 | D:14     | Found Kuirph's General Store.
 27862 | D:14     | Found an opulent altar of Gozag.
 27867 | D:14     | Bought a scroll of magic mapping for 112 gold pieces
 27975 | D:14     | Reached skill level 5 in Translocations
 28195 | D:14     | Found a gate to the Vaults.
 28568 | D:15     | Reached skill level 5 in Earth Magic
 28626 | D:15     | Found a staircase to the Depths.
 29912 | Spider:1 | Entered Level 1 of the Spider Nest
 30064 | D:9      | Bought a book of Beasts for 380 gold pieces
 30072 | D:9      | Learned a level 7 spell: Monstrous Menagerie
 30209 | Spider:1 | Noticed Frances
 30214 | Spider:1 | Killed Frances
 30266 | Spider:1 | Gained mutation: Your spells are a little easier to cast,
                  | but a little less powerful. [mutagenic glow]
 30420 | Spider:1 | Reached XP level 16. HP: 76/76 MP: 19/31
 30675 | Spider:1 | Identified Roxanne's Volume of Metamorphosis
 30675 | Spider:1 | Noticed Roxanne
 30898 | Spider:1 | You are sucked into a shaft and drop 1 floor!
 30939 | Spider:2 | Reached skill level 10 in Transmutations
 31579 | Lair:4   | Bought a scroll of amnesia for 56 gold pieces
 31587 | Lair:4   | Learned a level 5 spell: Summon Mana Viper
 32000 | Spider:2 | Noticed Asterion
 32042 | Spider:2 | Killed Asterion
 32174 | Spider:2 | Reached skill level 10 in Translocations
 33226 | Spider:3 | Reached skill level 15 in Summonings
 33312 | Spider:3 | Noticed Kirke
 33322 | Spider:3 | Killed Kirke
 34555 | Spider:4 | Entered Level 4 of the Spider Nest
 34903 | Spider:4 | Reached skill level 13 in Dodging
 34947 | Spider:4 | Reached XP level 17. HP: 81/81 MP: 13/32
 35316 | Spider:4 | Got a gossamer rune of Zot
 35589 | Shoals:1 | Entered Level 1 of the Shoals
 35699 | Shoals:1 | Found Renusm's Assorted Antiques.
 35706 | Shoals:1 | Noticed Louise
 35714 | Shoals:1 | Killed Louise
 35898 | Shoals:1 | Reached skill level 14 in Dodging
 35948 | Shoals:1 | Noticed a kraken
 35962 | Shoals:1 | Killed a kraken
 37347 | Shoals:2 | Noticed a kraken
 37379 | Shoals:2 | Noticed Mlioglotl
 37388 | Shoals:2 | Noticed a bone dragon
 37390 | Shoals:2 | Killed Mlioglotl
 37561 | Shoals:2 | Killed a kraken
 37637 | Shoals:2 | Noticed a kraken
 37663 | Shoals:2 | Killed a kraken
 37758 | Shoals:2 | Noticed Ilsuiw
 37899 | Shoals:2 | Killed Ilsuiw
 38368 | Shoals:3 | Reached skill level 15 in Dodging
 38620 | Shoals:3 | Noticed Donald
 38628 | Shoals:3 | Killed Donald
 39025 | Shoals:3 | Noticed Bai Suzhen
 39045 | Shoals:3 | Killed Bai Suzhen
 39775 | Shoals:3 | Bought a +6 ring of intelligence for 540 gold pieces
 39782 | Shoals:4 | Entered Level 4 of the Shoals
 39871 | Shoals:4 | Reached XP level 18. HP: 87/87 MP: 33/33
 40129 | Shoals:4 | Identified the ring "Calal" {Ice rPois Will+ Str-5}
 40239 | Shoals:4 | Reached skill level 16 in Dodging
 40288 | Shoals:4 | Got a barnacled rune of Zot
 41663 | D:10     | Bought the Catalogue of the Five Beggars for 418 gold
                  | pieces
 41748 | Elf:1    | Entered Level 1 of the Elven Halls
 41769 | Elf:1    | Noticed Zenata
 41892 | Elf:1    | Killed Zenata
 42103 | Elf:1    | Noticed Aizul
 42112 | Elf:1    | Killed Aizul
 42271 | Elf:1    | Reached skill level 15 in Fighting
 42456 | Elf:1    | Noticed a Brimstone Fiend
 42626 | Elf:1    | Reached skill level 17 in Dodging
 42656 | Elf:1    | Got the Commentary on the Comitatus
 42837 | Elf:1    | Acquired a book of Death
 42848 | Elf:1    | Learned a level 7 spell: Haunt
 43102 | Elf:2    | Reached skill level 1 in Necromancy
 43248 | Elf:2    | Found a runed translucent gate.
 43248 | Elf:2    | Found a runed translucent gate.
 43257 | Elf:2    | Found a runed translucent gate.
 43487 | Elf:2    | Paralysed by an air elemental for 1 turns
 43743 | Elf:3    | Entered Level 3 of the Elven Halls
 43751 | Elf:3    | Paralysed by an air elemental for 1 turns
 43888 | Elf:3    | Found Kuinliev's Jewellery Emporium.
 44091 | Elf:3    | Noticed a Tzitzimitl
 44100 | Elf:3    | Noticed a Hell Sentinel
 44321 | Elf:3    | Reached XP level 19. HP: 93/93 MP: 15/34
 44323 | Elf:3    | Reached skill level 5 in Necromancy
 44476 | Elf:3    | Gained mutation: Your magical capacity is low. (-10% MP) [a
                  | neqoxec]
 44483 | Elf:3    | Noticed a Brimstone Fiend
 44512 | Elf:3    | Identified the +1 leather armour of the Sacrificial Victim
                  | {rPois rF- Str+8 Stlth+}
 44512 | Elf:3    | Identified the ring "Tiotimum" {Fire Drain rElec rN++
                  | Dex+3}
 44649 | Elf:3    | Identified the +5 falchion of Focus {vamp, Int+4}
 45020 | Elf:3    | Got the Omnibus of Mortification
 45023 | Elf:3    | Identified the +9 war axe "Noses" {vorpal, Will+}
 45029 | Elf:3    | Identified the +5 arbalest of Disgust {freeze, rElec Int-5
                  | Dex+6}
 45030 | Elf:3    | Identified the +1 battleaxe "Xeomn" {distort, Dex+6}
 45491 | D:13     | Bought a book of Unlife for 648 gold pieces
 45535 | Vaults:1 | Entered Level 1 of the Vaults
 45618 | Vaults:1 | Reached skill level 18 in Dodging
 46200 | Vaults:1 | Found Sunola Bayf's Assorted Antiques.
 46537 | Vaults:1 | Learned a level 4 spell: Passage of Golubria
 47297 | Vaults:1 | Reached skill level 19 in Dodging
 47297 | Vaults:1 | Reached skill level 10 in Necromancy
 47626 | Vaults:1 | Identified the +1 halberd of Shrieking Terror {vorpal, rC+}
 47874 | Vaults:2 | Noticed Saint Roka
 47904 | Vaults:2 | Killed Saint Roka
 48008 | Vaults:2 | Reached XP level 20. HP: 97/97 MP: 26/33
 48650 | Vaults:2 | Found a staircase to the Crypt.
 48650 | Vaults:2 | Found an ancient bone altar of Kikubaaqudgha.
 48651 | Vaults:2 | Found a basalt altar of Yredelemnul.
 48697 | Vaults:2 | You fall into a shaft and drop 1 floor!
 48797 | Vaults:3 | Noticed Boris
 48874 | Vaults:3 | Killed from afar by Boris
 48875 | Vaults:3 | Reached XP level 19. HP: -35/120 MP: 6/32
 49187 | Vaults:3 | Killed Boris
 50438 | Vaults:3 | Reached skill level 20 in Dodging
 51223 | Vaults:2 | Found a portal to a secret trove of treasure.
 51670 | Vaults:3 | Noticed a bone dragon
 51763 | Vaults:3 | Killed a bone dragon
 51878 | Vaults:3 | Got the Octavo of Iniquitous Secrets
 52546 | Vaults:3 | Got the Anthology of the Voyage
 53023 | Vaults:4 | Reached XP level 20. HP: 99/99 MP: 19/34
 53452 | Vaults:4 | Noticed Mara
 53510 | Vaults:4 | Found Daecvurum's General Store.
 53845 | Vaults:4 | Noticed MacCMillion's illusion
 54178 | Vaults:4 | Learned a level 7 spell: Malign Gateway
 54278 | Vaults:4 | Noticed MacCMillion's illusion
 54285 | Vaults:4 | Killed Mara
 54543 | Vaults:4 | Learned a level 6 spell: Death Channel
 54936 | Vaults:4 | Found Irchah's Antique Weapon Boutique.
 54936 | Vaults:4 | Found Xev Ceteffy's Magic Scroll Boutique.
 54943 | Vaults:4 | Found Hekauhuc's Magic Scroll Boutique.
 54972 | Vaults:4 | Bought a scroll of summoning for 180 gold pieces
 54972 | Vaults:4 | Bought a scroll of teleportation for 57 gold pieces
 54972 | Vaults:4 | Bought a scroll of teleportation for 57 gold pieces
 54972 | Vaults:4 | Bought a scroll of teleportation for 57 gold pieces
 55083 | Vaults:4 | Identified the +1 robe of Terror {Rampage Dex+3}
 55542 | Vaults:4 | Identified the +12 chain mail of the Eleven Coins {Str+4
                  | Dex+3 SInv}
 55812 | Crypt:1  | Entered Level 1 of the Crypt
 56762 | Crypt:1  | Noticed Vv
 56784 | Crypt:1  | Killed Vv
 58040 | Lair:4   | Bought a scroll of teleportation for 45 gold pieces
 58040 | Lair:4   | Bought a scroll of teleportation for 45 gold pieces
 58040 | Lair:4   | Bought a scroll of teleportation for 45 gold pieces
 58157 | Shoals:1 | Bought a scroll of teleportation for 102 gold pieces
 58377 | Orc:2    | Bought a scroll of teleportation for 36 gold pieces
 58377 | Orc:2    | Bought a scroll of teleportation for 36 gold pieces
 59570 | Crypt:1  | Killed from afar by an ancient champion
 59571 | Crypt:1  | Reached XP level 19. HP: -12/94 MP: 22/35
 59876 | Slime:1  | Entered Level 1 of the Pits of Slime
 60196 | Slime:2  | Reached skill level 15 in Spellcasting
 60463 | Slime:3  | Reached XP level 20. HP: 99/99 MP: 22/36
 62207 | Slime:5  | Entered Level 5 of the Pits of Slime
 62377 | Slime:4  | Killed from afar by an acid blob

Illustrated notes

Levels and vault maps discovered:
D:1:      scummos_arrival_simple_fountains, layout_basic,
          shapermc_ecumenical_altar_gd, kennysheep_boxes
D:2:      layout_basic, uniq_natasha, uniq_terence
D:3:      layout_loops_ring, mainiacjoe_overflow_chevrons, minivault_4,
          minivault_19
D:4:      layout_loops_corners, serial_shops, shop_statue, uniq_sigmund
D:5:      layout_loops_ring, lemuel_round_altar, minmay_fountain_box
D:6:      layout_rooms, mainiacjoe_overflow_catwalk, lemuel_crystal_altar,
          minmay_temple_entry_wispy, nicolae_shop_gadgets
D:7:      layout_basic, enter_bailey_5, uniq_pikel
D:8:      layout_layer_cave, serial_shops, shop,
          hellmonk_guarded_unrand_vitality_bloodlust, uniq_maurice
D:9:      layout_basic, orc_0_dummy, minmay_misc_feat_encased,
          nicolae_take_the_stairs, minmay_fractal_squares_diagonal_5,
          uniq_gastronok, uniq_erica
D:10:     layout_cave_pools, lair_entry_dummy, dreamdust_princess_corridor
D:11:     layout_loops_ring, elyvilon_altar_4
D:12:     layout_loops_ring, uniq_lodul, uniq_azrael, uniq_erolcha
D:13:     layout_basic, gammafunk_ghost_spectres, nicolae_stop_n_shop_2
D:14:     layout_roguey, grunt_vaults_entry_fortified, serial_co_window_serial,
          co_window_paths_a, co_window_paths_a, co_window_corner_a,
          co_window_of_opportunity_a, co_window_corner_a, co_window_cross_2,
          co_window_broadway_b, co_window_broadway_c, co_window_corner_cb,
          co_window_cross_2, co_window_paths_d, co_window_4corner_b,
          nicolae_gozag_cash_rules_everything_around_me, nicolae_stop_n_shop_2
D:15:     grunt_enter_depths_giant_problem, layout_stronghold,
          minmay_misc_feat_square
Temple:   dpeg_five_rooms_temple
Lair:1:   layout_regular_city, hibernation_bobbens, grunt_megastairs_1,
          serial_bayou_shore_b
Lair:2:   layout_chaotic_city, spider_nest_entry_web_field,
          gammafunk_ghost_split, nicolae_lair_lindhole, grunt_megastairs_5,
          serial_bayou_shore_b, infiniplex_staircase_pool
Lair:3:   layout_loops_ring, minmay_shoals_entry_lonely_mermaid,
          ebering_ghost_xom, minmay_holes, uniq_urug
Lair:4:   layout_gridlike, slime_entry_1, grunt_megastairs_4, uniq_snorg
Lair:5:   evilmike_catoblepas_cave, layout_long_grid,
          chequers_serial_rivers_micro_e
Shoals:1: layout_shoals, serial_shops, nicolae_shop_stone, uniq_louise
Shoals:2: layout_shoals, uniq_ilsuiw, uniq_mlioglotl
Shoals:3: layout_shoals, abandoned_shop, uniq_donald, uniq_bai_suzhen
Shoals:4: shoals_end_hangedman, layout_shoals, nicolae_shoals_nautilus_by_nature
Spider:1: layout_spider_delve, hangedman_spider_tarantella_strand, uniq_roxanne,
          uniq_frances
Spider:2: layout_chambers, nicolae_spider_some_kinda_spiderbox, uniq_asterion
Spider:3: layout_cave_pods, uniq_kirke
Spider:4: guppyfry_spider_rune
Slime:1:  layout_caves
Slime:2:  layout_caves
Slime:3:  layout_caves
Slime:4:  layout_caves
Slime:5
Orc:1:    layout_caves, serial_shops, nicolae_shop_bloodbath_and_beyond,
          basic_altar, uniq_josephine
Orc:2:    grunt_orc_tribal_feast, layout_caves, serial_shops, shop
Elf:1:    nicolae_elf_arrival_fired_up, layout_loops_cross,
          minmay_elf_demonology, uniq_aizul, uniq_zenata
Elf:2:    nicolae_elf_blades_splatter_lattice [nicolae_blade_entry_pointy_end],
          layout_geoelf_octagon
Elf:3:    elf_hall_gauntlet_wide, layout_rooms, serial_shops, shop
Vaults:1: nicolae_vaults_border_crossing, vaults_mumra_minichess,
          vaults_room_fours, v_alt_pattern_6, v_misc_14, vaults_room_hallway,
          v_misc_26, nicolae_vaults_little_squares_5,
          nicolae_vaults_little_squares_2, grunt_vaults_funnel,
          nicolae_vaults_little_squares_1, v_misc_22, layout_vaults_big_cross,
          serial_shops, nicolae_shop_hallway_stairs
Vaults:2: vaults_dpeg_emergency_exit, hangedman_vaults_corner_blocks,
          nicolae_vaults_network_periphery, minmay_crypt_entry_necro_gods,
          vaults_room_hallway, grunt_vaults_trifunnel,
          ontoclasm_vaults_shuriken, nicolae_vaults_asterisk,
          layout_vaults_omnigrid, enter_trove_5, uniq_saint_roka
Vaults:3: v_misc_9, dpeg_vaults_monster_row, vaults_room_pools,
          vaults_room_boxed, serial_ice_g, vaults_dpeg_ring,
          hangedman_vaults_maws, nicolae_vaults_statue_guard, vaults_room_pools,
          nicolae_vaults_rhombus_5, layout_vaults_chaotic_city,
          serial_hangedman_research, hangedman_research_thanatology,
          hangedman_research_convocations, hangedman_research_quantum,
          serial_shops, uniq_boris
Vaults:4: hangedman_vaults_maws, vaults_dpeg_spiral, v_misc_15,
          hangedman_vaults_variations, v_misc_15,
          hangedman_vaults_hard_town_square, vaults_mumra_chevron,
          vaults_standard_mumra_enter_the_diamond,
          nicolae_vaults_hallways_thing, v_alt_pattern_6, vaults_dpeg_hooks,
          hangedman_vaults_snaps, layout_vaults_ring, serial_shops, shop,
          uniq_mara
Crypt:1:  layout_basic, grunt_crypt_arrival_split, lemuel_upstairs_altar,
          uniq_vv
Crypt:2:  layout_gridlike, skrybe_necro_troll_2

Skill      XL: |  1  2  3  4  5  6  7  8  9 10 11 12 13 14 15 16 17 18 19 20 |
---------------+-------------------------------------------------------------+-----
Stealth        | 3 4 6 8 10 12 15 16 | 16.4
Dodging        | 3 4 5 11 12 13 15 17 20 | 20.6
Spellcasting   | 3 4 5 6 7 8 9 10 15 14 | 15.0
Hexes          | 1 2 3 5 |  5.0
Fighting       | 1 2 3 5 6 7 9 11 12 14 15 16 | 16.3
Summonings     | 5 6 7 9 11 13 14 15 16 17 18 | 18.5
Air Magic      | 5 6 7 |  7.0
Transmutations | 5 9 11 12 13 | 13.2
Earth Magic    | 6 7 8 |  8.4
Translocations | 7 10 13 14 | 14.0
Necromancy     | 4 12 11 | 12.0

Action                   |  1- 3 |  4- 6 |  7- 9 | 10-12 | 13-15 | 16-18 | 19-21 || total
-------------------------+-------+-------+-------+-------+-------+-------+-------++-------
Melee: Unarmed           |     5 |     1 |     1 |    17 |    46 |    62 |    62 ||   194
       Bite              |       |       |       |     3 |     9 |    10 |    15 ||    37
       Punch             |       |       |       |       |       |     1 |     3 ||     4
 Cast: Summon Small Mamm |    50 |    15 |     6 |       |       |       |       ||    71
       Call Canine Famil |     8 |    27 |    31 |    53 |   102 |     9 |       ||   230
       Summon Guardian G |       |     7 |    32 |    39 |    34 |     3 |       ||   115
       Summon Lightning  |       |       |     4 |    99 |   163 |    61 |       ||   327
       Summon Cactus Gia |       |       |       |    24 |   141 |   193 |   247 ||   605
       Statue Form       |       |       |       |       |    12 |    83 |    50 ||   145
       Summon Forest     |       |       |       |       |    10 |    45 |    79 ||   134
       Monstrous Menager |       |       |       |       |     3 |   311 |   207 ||   521
       Summon Mana Viper |       |       |       |       |       |    96 |    96 ||   192
       Haunt             |       |       |       |       |       |       |    85 ||    85
       Malign Gateway    |       |       |       |       |       |       |    28 ||    28
       Death Channel     |       |       |       |       |       |       |     9 ||     9
       Passage of Golubr |       |       |       |       |       |       |     3 ||     3
Invok: Call Merchant     |       |       |       |       |     3 |     2 |       ||     5
 Abil: End Transformatio |       |       |       |       |       |     2 |    14 ||    16
Evoke: Wand              |       |       |       |       |     1 |     1 |       ||     2
  Use: Scroll            |       |       |     7 |     5 |    16 |     6 |    11 ||    45
       Potion            |       |       |       |     2 |     2 |     3 |     1 ||     8
 Stab: Betrayed ally     |       |       |       |     1 |       |       |       ||     1
       Distracted        |       |       |       |       |     7 |     4 |     3 ||    14
Armor: Skin              |       |     2 |     1 |     1 |    22 |   143 |   155 ||   324
Dodge: Dodged            |    16 |     4 |    19 |    44 |   240 |   624 |   903 ||  1850
